 Dungeon Crawl Stone Soup version 0.20.0 (webtiles) character file.

378 Eucla the Slasher (level 6, -2/63 HPs)
             Began as an Octopode Berserker on June 2, 2017.
             Was a Priest of Trog.
             Slain by an orc
             ... wielding a +0 hand axe
              (4 damage)
             ... on level 4 of the Dungeon.
             The game lasted 00:03:14 (3167 turns).

Eucla the Slasher (Octopode Berserker)              Turns: 3167, Time: 00:03:14

Health: -2/63      AC:  1    Str: 21    XL:     6   Next: 74%
Magic:  6/6        EV: 16    Int:  9    God:    Trog [***...]
Gold:   313        SH:  0    Dex: 14    Spells: 5/5 levels left

rFire    . . .     SeeInvis .   a - +0 falchion
rCold    . . .     Gourm    .   (no shield)
rNeg     . . .     Faith    .   (helmet restricted)
rPois    .         Spirit   .   (no amulet)
rElec    .         Reflect  .   (no ring)
rCorr    .         Harm     .   (no ring)
MR       .....                  (no ring)
Stlth    ..........             (no ring)
Regen    0.2/turn               (no ring)
MPRegen  0.1/turn               (no ring)
                                (no ring)
                                (no ring)

@: berserking, starving, very quick
A: almost no armour, stealthy swim, amphibious, 8 rings, constrict 8, camouflage
1, gelatinous body 1
a: Berserk, Trog's Hand, Burn Spellbooks, Renounce Religion


You were on level 4 of the Dungeon.
You worshipped Trog.
Trog was most pleased with you.
You were starving.

You visited 1 branch of the dungeon, and saw 4 of its levels.
You also visited: Sewer.

You collected 313 gold pieces.

Inventory:

Hand Weapons
 a - a +0 falchion (weapon)
Scrolls
 c - 2 scrolls of fear {unknown}
 e - a scroll of magic mapping {unknown}
 h - 4 scrolls of teleportation {unknown}
 i - 2 scrolls of identify {unknown}
 j - a scroll of blinking {unknown}
 m - 4 scrolls of random uselessness {unknown}
 o - a scroll of amnesia {unknown}
 p - a scroll of noise {unknown}
 q - a scroll of recharging {unknown}
 s - a scroll of vulnerability {unknown}
 t - 3 scrolls of remove curse {unknown}
Potions
 d - 2 potions of haste {unknown}
 f - 8 potions of flight {unknown}
 g - a potion of invisibility {unknown}
 k - a potion of cancellation {unknown}
 n - 4 potions of degeneration {unknown}
 r - a potion of mutation {unknown}
 u - a potion of experience {unknown}
 w - a potion of curing {unknown}
Comestibles
 b - 2 bread rations
 l - 2 royal jellies
 v - 3 meat rations


   Skills:
 - Level 3.0 Fighting
 * Level 6.1 Long Blades
 + Level 5.0 Dodging


You had 5 spell levels left.
You didn't know any spells.

Dungeon Overview and Level Annotations

Branches:
Dungeon (4/15)
 Temple: D:4-7

Altars:
Cheibriados
Sif Muna
Yredelemnul
The Shining One


Innate Abilities, Weirdness & Mutations

You cannot wear most types of armour.
You are very stealthy in the water. (Stealth+)
You are amphibious.
You can wear up to eight rings at the same time.
You can use your tentacles to constrict eight enemies at once.
Your skin changes colour to match your surroundings (Stealth+).
Your rubbery body absorbs attacks. (AC +1, EV +1)


Message History

Unknown command.
You closely miss the orc. You grab the orc. You constrict the orc.
The orc hits you with a hand axe! The orc misses you.
The orc hits you with a mace!
* * * LOW HITPOINT WARNING * * *
Unknown command.
A red film seems to cover your vision as you go berserk!
You feel yourself moving faster!
You feel mighty!
You are starving!
You constrict the orc.
You kill the orc!
Trog accepts your kill. The orc hits you with a hand axe.
* * * LOW HITPOINT WARNING * * *
The orc hits you with a club.
* * * LOW HITPOINT WARNING * * *
You hit the orc. Your grab misses the orc.
The orc is moderately wounded.
The orc hits you with a hand axe.
You die...

..########.....#..# ..#.
...........#.....## ....
........##.#..........#.
....(....#..........##..
.....<(..####.#.........
.......(................
.........#####..##..#...
........)# #...#......
.......@#...#..#.##.....
......)oo.!...<.........
........................
..###........########...
## #...............<##.
..#.#............###
####.#.##.........# #
#.#.# .........# #
.....(..#


You could see 2 orcs.

Vanquished Creatures
  A howler monkey (D:3)
  4 orc wizards
  2 worker ants (D:4)
  4 adders
  6 oozes (Sewer)
  8 worms
  4 leopard geckos
  5 orcs
  10 bats
  8 giant cockroaches
  9 goblins
  7 hobgoblins
  8 jackals
  7 kobolds
  A quokka (D:2)
  2 ball pythons (Sewer)
  4 frilled lizards
  5 rats
95 creatures vanquished.

Notes
Turn   | Place    | Note
-------+----------+-------------------------------------------
     0 | D:1      | Eucla the Octopode Berserker began the quest for the Orb.
     0 | D:1      | Reached XP level 1. HP: 16/16 MP: 1/1
    15 | D:1      | Reached XP level 2. HP: 12/21 MP: 2/2
   612 | D:2      | Reached XP level 3. HP: 18/26 MP: 3/3
  1037 | D:2      | Reached skill level 4 in Long Blades
  1106 | D:2      | Reached ** piety under Trog
  1309 | D:2      | Found a glowing golden altar of the Shining One.
  1311 | D:2      | Noticed an angel
  1351 | D:2      | Reached XP level 4. HP: 28/31 MP: 4/4
  1621 | D:2      | Found a basalt altar of Yredelemnul.
  1863 | D:3      | Reached skill level 5 in Long Blades
  1863 | D:3      | Reached XP level 5. HP: 19/36 MP: 5/5
  1913 | D:3      | Found a deep blue altar of Sif Muna.
  1919 | D:3      | Found a snail-covered altar of Cheibriados.
  2064 | D:3      | Found a glowing drain.
  2070 | Sewer    | Entered a sewer
  2338 | Sewer    | Reached *** piety under Trog
  2582 | Sewer    | Reached XP level 6. HP: 35/42 MP: 6/6
  3091 | D:4      | Reached skill level 6 in Long Blades
  3162 | D:4      | Reached skill level 5 in Dodging
  3166 | D:4      | HP: 2/63 [orc/club (2)]
  3167 | D:4      | Slain by an orc

Skill      XL: |  1  2  3  4  5  6 |
---------------+-------------------+-----
Long Blades    | 4 5 6 |  6.1
Dodging        | 4 5 |  5.0
Fighting       | |  3.0

Action                   |  1- 3 |  4- 6 || total
-------------------------+-------+-------++-------
Melee: Falchion          |    49 |   139 ||   188
       Constrict         |    13 |    37 ||    50
       Tentacles         |    10 |    32 ||    42
Invok: Berserk           |       |     3 ||     3
 Stab: Sleeping          |     2 |    11 ||    13
  Eat: Chunk             |     1 |     7 ||     8
Armor: Skin              |     3 |    13 ||    16
Dodge: Dodged            |    32 |    83 ||   115
       Rpst.: Falchion   |    13 |    26 ||    39
